 Dungeon Crawl Stone Soup version 0.19.4-12-gccf7e64 (console) character file.

1301 Grinner the Shield-Bearer (level 8, -11/74 HPs)
             Began as a Troll Fighter on Feb 28, 2017.
             Mangled by an orc warrior
             ... wielding a +0 halberd
              (21 damage)
             ... on level 5 of the Dungeon.
             The game lasted 00:10:26 (3628 turns).

Grinner the Shield-Bearer (Troll Fighter)           Turns: 3628, Time: 00:10:27

Health: -11/74     AC:  7    Str: 23 (25) XL:     8   Next: 31%
Magic:  7/7        EV:  9    Int:  3 (6)  God:
Gold:   262        SH:  9    Dex:  6 (9)  Spells: 1 memorised, 6 levels left

rFire  . . .     SeeInvis +       - Unarmed
rCold  . . .     Gourm    +     a - +0 robe
rNeg   . . .     Faith    .     b - +0 shield
rPois  .         Spirit   .     j - +1 hat
rElec  .         Reflect  .     (no cloak)
rCorr  .         Harm     .     (gloves unavailable)
MR     .....                    (boots unavailable)
Stlth  +.........               (no amulet)
                                A - ring of see invisible
                                p - +1 ring of protection

@: no status effects
A: unfitting armour, claws 3, fast metabolism 3, gourmand, regeneration 1,
shaggy fur 1, tough skin 2
a: no special abilities


You were on level 5 of the Dungeon.
You were completely stuffed.

You visited 1 branch of the dungeon, and saw 5 of its levels.

You collected 262 gold pieces.

Inventory:

Armour
 a - a +0 robe (worn)
 b - a +0 shield (worn)
 j - a +1 hat (worn)
Jewellery
 p - a +1 ring of protection (left claw)
 A - a ring of see invisible (right claw)
Wands
 q - a wand of acid (4/15)
 v - a wand of lightning (7/15)
 z - a wand of slowing (22/48)
Scrolls
 e - 8 scrolls of identify {unknown}
 h - a scroll of immolation {unknown}
 i - 3 scrolls of teleportation {unknown}
 o - a scroll of blinking {unknown}
 r - 2 scrolls of remove curse
 s - 2 scrolls of fog {unknown}
 t - a scroll of enchant armour {unknown}
 y - a scroll of amnesia
 C - a scroll of recharging {unknown}
Potions
 f - a potion of magic {unknown}
 k - a potion of brilliance
 l - a potion of haste {unknown}
 m - a potion of berserk rage {unknown}
 u - 2 potions of curing
 w - a potion of invisibility {unknown}
 x - a potion of resistance {unknown}
Books
 n - a book of Cantrips

   Spells                             Type                      Level
   a - Confusing Touch                Hexes                        1
   b - Animate Skeleton               Necromancy                   1
   c - Summon Small Mammal            Summoning                    1
   d - Apportation                    Translocation                1
Comestibles
 d - 5 bread rations
 g - 4 meat rations
 B - a chunk of flesh


   Skills:
 - Level 2.4 Fighting
 - Level 2.4 Dodging
 * Level 6.1 Shields
 + Level 4.9 Unarmed Combat
 + Level 4.0 Hexes


You had 6 spell levels left.
You knew the following spells:

 Your Spells              Type           Power        Failure   Level  Hunger
x - Confusing Touch       Hex            #.....       21%         1    ##.....


Dungeon Overview and Level Annotations

Branches:
Dungeon (5/15)
 Temple: D:4-7

Altars:
Fedhas
Hepliaklqana
Makhleb
Nemelex Xobeh
Ru
Trog

Shops:
D:4 *


Innate Abilities, Weirdness & Mutations

You are too large for most types of armour.
You have claws for hands.
Your metabolism is lightning-fast.
You like to eat raw meat.
Your natural rate of healing is unusually fast.
You are covered in fur. (AC +1)
You have very tough skin. (AC +2)


Message History

You claw the orc wizard!
You kill the orc wizard!
The orc warrior hits you from afar with a halberd!
The orc warrior hits you with a halberd!!
* * * LOW HITPOINT WARNING * * *
Things that are here:
a dagger; a robe You claw the orc warrior!
The orc warrior is heavily wounded.
You block the orc warrior's attack.
You closely miss the orc warrior.
The orc warrior is heavily wounded.
The orc warrior hits you with a halberd!!
* * * LOW HITPOINT WARNING * * *
It was a potion of curing.
You feel better.
It was a potion of degeneration.
There was something very wrong with that liquid.
You feel weakened.
You feel dopey.
You feel clumsy.
The orc warrior hits you with a halberd!!
You die...

### #.####### #........ #.# #@#
###########o# #.
######.........#o##### ##.
...............#o#...# #).###
...............#.#...#####[#(....
>................................
.................#...#### #...
..............####oo.# #.#.##
.......######## #...# #..<<.


You could see an orc warrior and 2 orcs.

Vanquished Creatures
  Grinder (D:4)
  Sigmund (D:3)
  Edmund (D:4)
  The ghost of jjjjhere the Ruffian, an amateur DrTm (D:3)
  A necrophage (D:5)
  2 ogres
  A centaur (D:5)
  A jelly (D:5)
  3 hounds
  2 orc wizards (D:5)
  An iguana (D:5)
  A worker ant (D:5)
  Robin (D:4)
  4 gnolls (D:5)
  6 adders
  An ooze (D:3)
  8 worms
  2 dart slugs (D:1)
  A leopard gecko (D:4)
  5 orcs
  13 bats
  4 giant cockroaches
  14 goblins
  11 hobgoblins
  3 jackals (D:4)
  3 quokkas
  A ball python (D:5)
  5 frilled lizards
  A giant cockroach zombie (D:5)
  5 kobolds
  5 rats
109 creatures vanquished.

Notes
Turn   | Place    | Note
-------+----------+-------------------------------------------
     0 | D:1      | Grinner the Troll Fighter began the quest for the Orb.
     0 | D:1      | Reached XP level 1. HP: 22/22 MP: 0/0
   234 | D:1      | Reached XP level 2. HP: 29/29 MP: 1/1
   349 | D:1      | Reached skill level 3 in Shields
   905 | D:2      | Learned a level 1 spell: Confusing Touch
   913 | D:2      | Found a burning altar of Makhleb.
   917 | D:2      | Reached XP level 3. HP: 36/36 MP: 2/2
  1167 | D:2      | Reached XP level 4. HP: 42/44 MP: 3/3
  1173 | D:2      | Found a sacrificial altar of Ru.
  1645 | D:3      | Noticed jjjjhere's ghost (amateur DrTm)
  1655 | D:3      | Killed jjjjhere's ghost
  1655 | D:3      | Reached skill level 4 in Shields
  1655 | D:3      | Reached skill level 1 in Hexes
  1655 | D:3      | Reached XP level 5. HP: 44/50 MP: 4/4
  1753 | D:3      | Noticed Sigmund
  1763 | D:3      | Killed Sigmund
  1763 | D:3      | Reached XP level 6. HP: 36/59 MP: 5/5
  1773 | D:3      | Found a hazy altar of Hepliaklqana.
  2477 | D:4      | Found a bloodstained altar of Trog.
  2479 | D:4      | Found a blossoming altar of Fedhas.
  2514 | D:4      | Found Roeg's General Store.
  2562 | D:4      | Noticed Edmund
  2574 | D:4      | Killed Edmund
  2574 | D:4      | Reached skill level 5 in Shields
  2574 | D:4      | Reached XP level 7. HP: 52/66 MP: 6/6
  2579 | D:4      | Noticed Robin
  2589 | D:4      | Killed Robin
  2910 | D:4      | Noticed Grinder
  2923 | D:4      | Killed Grinder
  3013 | D:5      | Entered Level 5 of the Dungeon
  3127 | D:5      | Reached XP level 8. HP: 61/74 MP: 7/7
  3287 | D:5      | Found a sparkling altar of Nemelex Xobeh.
  3442 | D:5      | Reached skill level 6 in Shields
  3626 | D:5      | HP: 3/74 [orc warrior/halberd (20)]
  3628 | D:5      | Mangled by an orc warrior

Skill      XL: |  1  2  3  4  5  6  7  8 |
---------------+-------------------------+-----
Shields        | 3 4 5 6 |  6.1
Unarmed Combat | 3 4 |  4.9
Hexes          | 1 2 3 4 |  4.0
Fighting       | |  2.4
Dodging        | |  2.4

Action                   |  1- 3 |  4- 6 |  7- 9 || total
-------------------------+-------+-------+-------++-------
Melee: Unarmed           |    75 |   115 |   156 ||   346
 Cast: Confusing Touch   |       |       |     1 ||     1
  Use: Potion            |       |     2 |     3 ||     5
       Scroll            |       |     5 |     1 ||     6
 Stab: Sleeping          |       |     1 |       ||     1
  Eat: Chunk             |    13 |    16 |    10 ||    39
Armor: Robe              |    35 |    29 |    52 ||   116
Dodge: Dodged            |    35 |    41 |    58 ||   134
Block: Shield            |    48 |    41 |    80 ||   169
